 Dungeon Crawl Stone Soup version 0.31-a0-848-gaac375c287 (webtiles) character file.

Game seed: 8139995373591404744

63 javelincjr the Changeling (level 3, -4/32 HPs)
             Began as a Troll Shapeshifter on Oct 4, 2023.
             Slain by Crazy Yiuf
             ... wielding a +4 quarterstaff of chaos
              (9 damage)
             ... on level 2 of the Dungeon.
             The game lasted 00:04:28 (1786 turns).

javelincjr the Changeling (Troll Shapeshifter)      Turns: 1786, Time: 00:04:28

Health: -4/32      AC:  4    Str: 24    XL:     3   Next: 89%
Magic:  2/2        EV:  9    Int:  6    God:
Gold:   91         SH:  0    Dex:  9    Spells: 2/2 levels left

rFire   . .          .
                       - Unarmed
rCold   . . .        (no shield)
rNeg    . . .        a - +0 animal skin
rPois   .            (helmet currently unavailable)
rElec   .            (cloak currently unavailable)
rCorr   .            (gloves unavailable)
SInv    .            (boots unavailable)
Will    .....        (no amulet)
Stlth   +            (no ring)
HPRegen 1.05/turn    (no ring)
MPRegen 0.08/turn

%: no passive effects
@: beast-form, slowed, very slow
A: beast (slay +2), large, unfitting armour, claws 3, regeneration 1, shaggy fur
1, tough skin 1
a: Begin Untransformation


You were on level 2 of the Dungeon.
You were a hulking beast.
You visited 1 branch of the dungeon, and saw 2 of its levels.

You collected 91 gold pieces.

Inventory:

Hand Weapons
 f - a +1 short sword of holy wrath
Missiles
 g - 10 stones
Armour
 a - a +0 animal skin (worn)
 n - a +1 cloak
Talismans
 c - a beast talisman (active)
 d - a flux talisman
Scrolls
 e - 3 scrolls of identify {unknown}
 k - a scroll of noise {unknown}
 m - a scroll of teleportation {unknown}
 p - a scroll of amnesia {unknown}
Potions
 b - a potion of lignification
 h - 2 potions of degeneration {unknown}
 i - a potion of attraction {unknown}
 j - a potion of haste {unknown}
 l - a potion of heal wounds {unknown}
 o - a potion of curing {unknown}


   Skills:
 - Level 0.8 Fighting
 - Level 1.6 Dodging
 - Level 3.0 Unarmed Combat
 + Level 4.5 Shapeshifting


You had 2 spell levels left.
You didn't know any spells.
Your spell library contained the following spells:

 Spells                   Type           Power      Damage    Failure   Level
 Ensorcelled Hibernation  Hex/Ice        0%         N/A       58%         2
 Passwall                 Tmut/Erth      0%         N/A       58%         2
 Swiftness                Air            0%         N/A       83%         3


Dungeon Overview and Level Annotations

Branches:
Dungeon (2/15)

Altars:

Shops:
D:2 :

Annotations:
D:2 Crazy Yiuf


Innate Abilities, Weirdness & Mutations

You are a hulking beast.
Your limbs bulge with bestial killing power. (Slay +2)
You are too large for most types of armour.
You have claws for hands.
Your natural rate of healing is unusually fast.
You are covered in fur. (AC +1)
You have tough skin. (AC +1)


Message History

You scratch the worm.
The worm is severely wounded.
The worm bites you but does no damage.
You scratch the worm.
The worm is almost dead.
You scratch the worm.
You kill the worm!
No target in view!
There is an open door here.
Crazy Yiuf shouts!
You open the door. You scratch Crazy Yiuf.
Crazy Yiuf is moderately wounded.
Crazy Yiuf hits you with a +4 quarterstaff of chaos.
You barely miss Crazy Yiuf.
Crazy Yiuf is moderately wounded.
Crazy Yiuf barely misses you.
You claw Crazy Yiuf!
Crazy Yiuf is almost dead.
Crazy Yiuf hits you with a +4 quarterstaff of chaos!
You closely miss Crazy Yiuf.
Crazy Yiuf is almost dead.
Crazy Yiuf hits you with a +4 quarterstaff of chaos.
You feel yourself slow down.
You are too injured to fight recklessly!
You closely miss Crazy Yiuf.
Crazy Yiuf is almost dead.
Crazy Yiuf hits you with a +4 quarterstaff of chaos.
Crazy Yiuf screams, "Snoogle!
Snurf King eyeball."
Crazy Yiuf barely misses you.
You barely miss Crazy Yiuf.
Crazy Yiuf is almost dead.
Crazy Yiuf hits you with a +4 quarterstaff of chaos!
* * * LOW HITPOINT WARNING * * *
Crazy Yiuf freezes you.
* * * LOW HITPOINT WARNING * * *
You scratch Crazy Yiuf but do no damage.
Crazy Yiuf is almost dead.
Crazy Yiuf hits you with a +4 quarterstaff of chaos!
You die...

######
#...##.# #.#
#. #....#
####...# #.#
#. #.####
##### #.# #.
#.# #####
#.# #. #.#
#)..#
#######.###.
#.# #...#
#...........
#.# ...
#######.##.#
#.# #g# ###
#[##.#
#.#### ♣h♣♣
#.## #.##.#
#....# ♣♣.♣
#.^## #.#..#
#######..#
♣.♣♣
#..†###....#
#........#
♣♣.♣
#...'.......
#.#####..#
♣♣.♣♣
#...###.....
#.# ##.#
♣♣...♣ #..##
##..## #.#
######
♣....♣ #.##
#.## #.#
#....#
#....# ###
#.#
#.###.#####
#....### #.#


You could see Crazy Yiuf.

Vanquished Creatures
  2 adders (D:2)
  A worm (D:2)
  3 ball pythons
  5 bats
  3 endoplasms (D:1)
  5 giant cockroaches
  3 goblins (D:2)
  6 jackals
  3 kobolds (D:1)
  2 quokkas (D:2)
  2 frilled lizards
  4 rats
39 creatures vanquished.

Notes
Turn   | Place    | Note
-------+----------+-------------------------------------------
     0 | D:1      | javelincjr the Troll Shapeshifter began the quest for the
                  | Orb.
     0 | D:1      | Reached XP level 1. HP: 18/18 MP: 0/0
   103 | D:1      | Reached XP level 2. HP: 26/26 MP: 1/1
   801 | D:2      | Found a runed translucent door.
   802 | D:2      | Noticed Crazy Yiuf
   833 | D:2      | Reached XP level 3. HP: 32/32 MP: 2/2
   951 | D:2      | Identified the +0 buckler of Xeehary {Str+3 Dex+5}
  1008 | D:2      | Reached skill level 4 in Shapeshifting
  1206 | D:2      | Found Ysouq's Book Shop.
  1786 | D:2      | Slain by Crazy Yiuf

Illustrated notes

Levels and vault maps discovered:
D:1:      mrwooster_arrival_statue_3, layout_basic
D:2:      layout_loops_corners, serial_shops, nicolae_shop_tiny_glass,
          uniq_crazy_yiuf_cottage

Skill      XL: |  1  2  3 |
---------------+----------+-----
Shapeshifting  | 4 |  4.5
Fighting       | |  0.8
Dodging        | |  1.6
Unarmed Combat | |  3.0

Action                     || total
---------------------------++-------
  Melee: Unarmed           ||   107
         Punch             ||     1
 Armour: Animal skin       ||    66
  Dodge: Dodged            ||    51

Table legend: (Time is in decaauts)
 A = Elapsed time spent in this place.
 B = Non-inter-level travel time spent in this place.
 C = Inter-level travel time spent in this place.
 D = Time resting spent in this place.
 E = Time spent auto-exploring this place.
 F = Levels seen in this place.
 G = Mean time per level.
                   A        B        C        D        E       F      G
               +--------+--------+--------+--------+--------+-----+--------+
         Total |   1781 |   1765 |     16 |      0 |   1502 |   2 |  890.5 |
       Dungeon |   1781 |   1765 |     16 |      0 |   1502 |   2 |  890.5 |
               +--------+--------+--------+--------+--------+-----+--------+

Top non-repeatable levels by time:
     D:2: 1032 daAuts
     D:1: 749 daAuts
